 Dungeon Crawl Stone Soup version 0.20.1-1-g8b1a95d (webtiles) character file.

788 gobwax the Magician (level 7, -8/54 HPs)
             Began as a Deep Elf Fire Elementalist on Sept 8, 2017.
             Splashed by Ijyb's acid (10 damage)
             ... on level 5 of the Dungeon.
             The game lasted 00:11:38 (4257 turns).

gobwax the Magician (Deep Elf Fire Elementalist)    Turns: 4257, Time: 00:11:40

Health: -8/54      AC: 23    Str:  5    XL:     7   Next: 56%
Magic:  10/19      EV:  2    Int: 22    God:
Gold:   148        SH:  0    Dex: 15    Spells: 9/19 levels left

rFire    . . .     SeeInvis .   z - +3 whip (elec)
rCold    . . .     Gourm    .   (no shield)
rNeg     + + +     Faith    .   (armour currently unavailable)
rPois    +         Spirit   .   (helmet currently unavailable)
rElec    .         Reflect  .   (cloak currently unavailable)
rCorr    .         Harm     .   (gloves currently unavailable)
MR       .....     NoTele   +   (boots currently unavailable)
Stlth    ++........             (no amulet)
Regen    0.2/turn               e - ring of poison resistance
MPRegen  0.2/turn               (no ring)

@: tree-form, very slightly contaminated
A: no striking features
a: no special abilities


You were on level 5 of the Dungeon.
You were very hungry.
You were a tree.
You visited 1 branch of the dungeon, and saw 5 of its levels.

You collected 148 gold pieces.

Inventory:

Hand Weapons
 h - a +0 dagger of venom
 q - a +0 blowgun
 z - a +3 whip of electrocution (weapon)
 D - a -2 blowgun
Missiles
 x - 27 poisoned needles
Armour
 a - a +0 robe (melded)
 t - a +1 helmet (melded)
Jewellery
 e - a ring of poison resistance (left branch)
 p - a cursed amulet of inaccuracy
Wands
 g - a wand of flame (34/48)
Scrolls
 j - 2 scrolls of magic mapping
 l - 2 scrolls of teleportation
 n - a scroll of blinking
 o - a scroll of enchant weapon
 u - a scroll of fear
 y - 2 scrolls of remove curse
Potions
 d - a potion of flight {unknown}
 f - 2 potions of agility {unknown}
 k - a potion of brilliance {unknown}
 r - a potion of haste {unknown}
 s - 2 potions of lignification
 A - 2 potions of curing
 B - a potion of heal wounds {unknown}
 C - a potion of magic {unknown}
Books
 b - a book of Flames

   Spells                             Type                      Level
   a - Flame Tongue                   Conjuration/Fire             1
   b - Throw Flame                    Conjuration/Fire             2
   c - Conjure Flame                  Conjuration/Fire             3
   d - Inner Flame                    Hexes/Fire                   3
   e - Sticky Flame                   Conjuration/Fire             4
   f - Fireball                       Conjuration/Fire             5
Comestibles
 c - 4 bread rations
 i - 3 royal jellies


   Skills:
 + Level 3.8 Dodging
 - Level 2.5 Stealth
 + Level 6.8 Spellcasting
 + Level 4.1 Conjurations
 * Level 6.7 Fire Magic


You had 9 spell levels left.
You knew the following spells:

 Your Spells              Type           Power        Failure   Level  Hunger
a - Flame Tongue          Conj/Fire      ####.        1%          1    None
b - Throw Flame           Conj/Fire      ####..       1%          2    None
c - Conjure Flame         Conj/Fire      ####....     2%          3    None
d - Sticky Flame          Conj/Fire      ####....     9%          4    ###....


Dungeon Overview and Level Annotations

Branches:
Dungeon (5/15)
 Temple: D:4-7

Altars:
Dithmenos
Fedhas
Makhleb
Okawaru
Ru
Trog
The Shining One

Annotations:
D:5 Ijyb


Message History

Okay, then.
It was a potion of lignification.
You turn into a tree.
Your +1 helmet melds into your body.
Your +0 robe melds into your body.
Your roots penetrate the ground.
Casting: Throw Flame
Confirm with . or Enter, or press ? or * to list all spells.
You can't see any susceptible monsters within range! (Use Z to cast anyway.)
Casting: Throw Flame
Confirm with . or Enter, or press ? or * to list all spells.
Aiming: Throw Flame
Press: ? - help, Shift-Dir - straight line, f - Ijyb
Aim: Ijyb, wearing a chain mail and carrying a wand of acid (?/15) {zapped: 2} (severely wounded)
The puff of flame hits Ijyb.
Ijyb is severely wounded.
The crimson imp shouts, "Scamper away, thou spongy nose-picking lewdster!"
The crimson imp hits you but does no damage.
Ijyb zaps a wand.
The bolt of acid hits you!
* * * LOW HITPOINT WARNING * * *
You are splashed with acid!
The acid burns!
You die...

########
#......#
#......#
#......#
#....♣.#
#....5.#
#.....$#
#..$...#
#gY....#
#......#
##......#
#.....<.#
####.#.....#


You could see an ice beast, Ijyb and a crimson imp.

Vanquished Creatures
  Sigmund (D:4)
  An ice beast (D:4)
  An eye of draining (D:4)
  2 ogres (D:4)
  A hound (D:4)
  2 worker ants
  4 gnolls
  5 adders
  An ooze (D:1)
  3 worms
  5 dart slugs
  A leopard gecko (D:2)
  3 orcs
  6 bats
  6 giant cockroaches
  14 goblins
  10 hobgoblins
  6 jackals
  10 kobolds
  A quokka (D:3)
  12 frilled lizards
  A quokka skeleton (D:4)
  11 rats
107 creatures vanquished.

Notes
Turn   | Place    | Note
-------+----------+-------------------------------------------
     0 | D:1      | gobwax the Deep Elf Fire Elementalist began the quest for the Orb.
     0 | D:1      | Reached XP level 1. HP: 10/10 MP: 6/6
    84 | D:1      | Reached XP level 2. HP: 15/15 MP: 2/8
   608 | D:1      | Reached XP level 3. HP: 17/19 MP: 7/10
  1006 | D:2      | Learned a level 2 spell: Throw Flame
  1010 | D:2      | Learned a level 3 spell: Conjure Flame
  1122 | D:2      | Found a shadowy altar of Dithmenos.
  1356 | D:2      | Reached XP level 4. HP: 19/24 MP: 8/12
  1542 | D:2      | Found a glowing golden altar of the Shining One.
  2117 | D:3      | Found a blossoming altar of Fedhas.
  2124 | D:3      | Reached XP level 5. HP: 10/28 MP: 4/14
  2439 | D:3      | Found a burning altar of Makhleb.
  2441 | D:3      | Found an iron altar of Okawaru.
  2449 | D:3      | Found a sacrificial altar of Ru.
  2453 | D:3      | Reached skill level 5 in Spellcasting
  2659 | D:4      | Reached skill level 5 in Fire Magic
  2671 | D:4      | Learned a level 4 spell: Sticky Flame
  2786 | D:4      | Noticed an ogre
  2805 | D:4      | Killed an ogre
  2805 | D:4      | Reached XP level 6. HP: 32/32 MP: 4/16
  2940 | D:4      | Noticed an ice beast
  2949 | D:4      | Killed an ice beast
  3474 | D:4      | Noticed Sigmund
  3484 | D:4      | Killed Sigmund
  3484 | D:4      | Reached XP level 7. HP: 36/36 MP: 10/18
  3786 | D:4      | Found a bloodstained altar of Trog.
  4236 | D:5      | Entered Level 5 of the Dungeon
  4246 | D:5      | Noticed Ijyb
  4257 | D:5      | HP: 2/54 [Ijyb/wand of acid (?/15) (10)]
  4257 | D:5      | Splashed by Ijyb's acid

Skill      XL: |  1  2  3  4  5  6  7 |
---------------+----------------------+-----
Fire Magic     | 4 5 6 |  6.7
Spellcasting   | 4 5 6 |  6.8
Conjurations   | 2 3 4 |  4.1
Dodging        | 3 |  3.8
Stealth        | |  2.5

Action                   |  1- 3 |  4- 6 |  7- 9 || total
-------------------------+-------+-------+-------++-------
Melee: Unarmed           |     1 |       |       ||     1
       Dagger            |    12 |    12 |       ||    24
       Whip              |       |     8 |     4 ||    12
 Fire: Blowgun           |       |    21 |     7 ||    28
 Cast: Flame Tongue      |    80 |   102 |     8 ||   190
       Conjure Flame     |       |     8 |     1 ||     9
       Throw Flame       |       |     2 |     7 ||     9
       Sticky Flame      |       |       |     2 ||     2
  Use: Scroll            |       |    11 |     1 ||    12
       Potion            |       |     1 |     1 ||     2
 Stab: Sleeping          |     3 |     1 |       ||     4
  Eat: Chunk             |     1 |     6 |     2 ||     9
Armor: Robe              |     6 |    13 |     2 ||    21
       Skin              |       |       |     1 ||     1
Dodge: Dodged            |    35 |    57 |     9 ||   101
